 Dungeon Crawl Stone Soup version 0.21-a0-442-g848f44b (webtiles) character file.

118 nikopol the Firebug (level 4, -5/24 HPs)
             Began as a Deep Elf Fire Elementalist on Nov 15, 2017.
             Slain by a river rat (6 damage)
             ... in a sewer.
             The game lasted 00:05:01 (1223 turns).

nikopol the Firebug (Deep Elf Fire Elementalist)    Turns: 1223, Time: 00:05:02

Health: -5/24      AC:  3    Str: 10    XL:     4   Next: 72%
Magic:  0/12       EV: 13    Int: 21    God:
Gold:   83         SH:  0    Dex: 15    Spells: 5/11 levels left

rFire    . . .     SeeInvis .   d - +2 short sword (drain)
rCold    . . .     Gourm    .   (no shield)
rNeg     . . .     Faith    .   a - +0 robe
rPois    .         Spirit   .   (no helmet)
rElec    .         Reflect  .   (no cloak)
rCorr    .         Harm     .   q - +0 pair of gloves
MR       .....                  (no boots)
Stlth    ++........             (no amulet)
HPRegen  0.08/turn              (no ring)
MPRegen  0.13/turn              (no ring)

@: mighty
A: no striking features
a: no special abilities


You were in a sewer.
You were not hungry.

You visited 1 branch of the dungeon, and saw 3 of its levels.
You also visited: Sewer.

You collected 83 gold pieces.

Inventory:

Hand Weapons
 d - a +2 short sword of draining (weapon)
 i - a +0 dagger
Armour
 a - a +0 robe (worn)
 q - a +0 pair of gloves (worn)
Jewellery
 p - an uncursed ring of stealth {unknown}
Scrolls
 e - 2 scrolls of identify {unknown}
 f - a scroll of teleportation {unknown}
 g - 3 scrolls of amnesia {unknown}
 k - a scroll of recharging {unknown}
 o - 2 scrolls of fear {unknown}
 t - a scroll of fog {unknown}
Potions
 l - 2 potions of might
 m - a potion of haste {unknown}
 n - 2 potions of berserk rage {unknown}
 r - a potion of curing {unknown}
 s - a potion of brilliance {unknown}
Books
 b - a book of Flames

   Spells                             Type                      Level
   a - Flame Tongue                   Conjuration/Fire             1
   b - Throw Flame                    Conjuration/Fire             2
   c - Conjure Flame                  Conjuration/Fire             3
   d - Inner Flame                    Hexes/Fire                   3
   e - Sticky Flame                   Conjuration/Fire             4
   f - Fireball                       Conjuration/Fire             5
 u - a book of Minor Magic

   Spells                             Type                      Level
   a - Magic Dart                     Conjuration                  1
   b - Blink                          Translocation                2
   c - Call Imp                       Summoning                    2
   d - Slow                           Hexes                        2
   e - Conjure Flame                  Conjuration/Fire             3
   f - Mephitic Cloud                 Conjuration/Poison/Air       3
Comestibles
 c - 3 bread rations
 h - a royal jelly
 j - 5 chunks of flesh


   Skills:
 + Level 2.7 Dodging
 + Level 2.6 Stealth
 + Level 4.2 Spellcasting
 + Level 1.9 Conjurations
 + Level 5.0 Fire Magic


You had 5 spell levels left.
You knew the following spells:

 Your Spells              Type           Power        Failure   Level  Hunger
a - Flame Tongue          Conj/Fire      ###..        2%          1    None
b - Throw Flame           Conj/Fire      ###...       4%          2    #......
c - Conjure Flame         Conj/Fire      ###.....     9%          3    ##.....


Dungeon Overview and Level Annotations

Branches:
Dungeon (3/15)

Altars:
Qazlal


Message History

The river rat is lightly wounded.
The river rat bites you!
You completely miss the rat. The river rat bites you!
* * * LOW HITPOINT WARNING * * *
The rat misses you.
You barely miss the rat. The river rat completely misses you.
You hit the river rat but do no damage. The river rat completely misses you.
Casting: Flame Tongue
Confirm with . or Enter, or press ? or * to list all spells.
Aiming: Flame Tongue
Press: ? - help, Shift-Dir - straight line, f - river rat, p - river rat
Aim: a river rat The flame tongue hits the river rat.
The river rat is heavily wounded.
The river rat barely misses you. The river rat bites you.
* * * LOW HITPOINT WARNING * * *
It was a potion of might.
You feel very mighty all of a sudden. The river rat closely misses you.
The river rat bites you.
You die... ############### #...rr@rr†....≈ ###############

You could see 2 river rats and 2 rats.

Vanquished Creatures
  8 adders
  An ooze (D:1)
  A worm (D:3)
  3 dart slugs
  A leopard gecko (D:2)
  4 giant cockroaches
  4 hobgoblins
  A quokka (D:2)
  3 ball pythons
  3 bats
  2 frilled lizards
  2 goblins
  A kobold (D:2)
  6 rats
40 creatures vanquished.

Notes
Turn   | Place    | Note
-------+----------+-------------------------------------------
     0 | D:1      | nikopol the Deep Elf Fire Elementalist began the quest for the Orb.
     0 | D:1      | Reached XP level 1. HP: 10/10 MP: 6/6
   328 | D:1      | Reached XP level 2. HP: 15/15 MP: 5/8
   441 | D:2      | Found a stormy altar of Qazlal.
   472 | D:2      | Reached skill level 4 in Fire Magic
   486 | D:2      | Reached XP level 3. HP: 19/19 MP: 5/10
   688 | D:2      | Learned a level 2 spell: Throw Flame
   692 | D:2      | Learned a level 3 spell: Conjure Flame
   780 | D:2      | Reached XP level 4. HP: 23/24 MP: 9/12
  1145 | D:3      | Reached skill level 5 in Fire Magic
  1189 | D:3      | Found a glowing drain.
  1212 | Sewer    | Entered a sewer
  1222 | Sewer    | HP: 1/24 [river rat (6)]
  1223 | Sewer    | Slain by a river rat

Vault maps used:
D:1:      matt_arrival_spirals
D:2:      nicolae_overflow_crystal_walls, first_bread, dk_noncrumbling_2
D:3:      makhleb_blood_cavern_becter, cheibrodos_sewer_entry_sluice,
          elyvilon_altar_4
Sewer:    sewer_kobolds

Skill      XL: |  1  2  3  4 |
---------------+-------------+-----
Fire Magic     | 4 5 |  5.0
Spellcasting   | 4 |  4.2
Dodging        | |  2.7
Stealth        | |  2.6
Conjurations   | |  1.9

Action                   |  1- 3 |  4- 6 || total
-------------------------+-------+-------++-------
Melee: Short sword       |     2 |     5 ||     7
 Cast: Flame Tongue      |    40 |    43 ||    83
  Use: Potion            |       |     1 ||     1
  Eat: Chunk             |       |     1 ||     1
Armor: Robe              |     1 |     3 ||     4
Dodge: Dodged            |    14 |    13 ||    27

Table legend:
 A = Spawn XP
 B = Non-spawn XP
 C = Spawn XP percentage of total XP
 D = Spawn monster count
 E = Non-spawn monster count
 F = Spawn count percentage of total count
 G = Total turns spent on level
                    A         B        C        D         E        F      G
               +---------+---------+-------+---------+---------+-------+---------
         Total |       0 |     169 |   0.0 |       0 |      40 |   0.0 |  1223
               +---------+---------+-------+---------+---------+-------+---------
           D:1 |       0 |      13 |   0.0 |       0 |       6 |   0.0 |   435
           D:2 |       0 |     122 |   0.0 |       0 |      23 |   0.0 |   703
           D:3 |       0 |      33 |   0.0 |       0 |      10 |   0.0 |    74
         Sewer |       0 |       1 |   0.0 |       0 |       1 |   0.0 |    11
               +---------+---------+-------+---------+---------+-------+---------
